 Dungeon Crawl Stone Soup version 0.31.0-9-g3a7656b989 (webtiles) character file.

Game seed: 11338604775730328638

1260 inmateoo the Ruffian (level 8, -4/103 HPs)
             Began as a Naga Shapeshifter on Jan 24, 2024.
             Slain by a troll (5 damage)
             ... on level 6 of the Dungeon on Jan 25, 2024.
             The game lasted 00:13:11 (4955 turns).

inmateoo the Ruffian (Naga Shapeshifter)            Turns: 4955, Time: 00:13:11

Health: -4/103     AC: 20    Str: 16    XL:     8   Next: 52%
Magic:  11/13      EV:  1    Int: 20    God:
Gold:   242        SH:  0    Dex: 10    Spells: 7/14 levels left

rFire   . .          .
                       - Unarmed
rCold   . . .        (no shield)
rNeg    . . .        t - melded +1 robe
rPois   +            A - melded +0 helmet
rElec   .            o - melded +0 cloak
rCorr   +            (gloves currently unavailable)
SInv    +            (no barding)
Will    +....        (no amulet)
Stlth   ++           m - ring of resist corrosion
HPRegen 0.37/turn    r - +6 ring of intelligence
MPRegen 0.13/turn

%: no passive effects
@: tree-form, corroded
A: stationary, stasis, torment immunity, boosted hp, AC +2, large, see
invisible, (deformed body), (poison resistance), (slowness 2), spit poison 1,
(naga tail 1)
a: Spit Poison


You were on level 6 of the Dungeon.
You were a tree.
You visited 2 branches of the dungeon, and saw 7 of its levels.

You collected 242 gold pieces.

Inventory:

Missiles
 n - 2 throwing nets
Armour
 o - a +0 cloak (melded)
 q - a +0 chain mail
 t - a +1 robe (melded)
 A - a +0 helmet (melded)
Jewellery
 h - a ring of magical power
 m - a ring of resist corrosion (left branch)
 r - a +6 ring of intelligence (right branch)
Talismans
 a - a maw talisman
Wands
 s - a wand of polymorph (5)
Scrolls
 e - 2 scrolls of enchant armour
 j - 2 scrolls of blinking
 l - a scroll of enchant weapon
 w - a scroll of amnesia
 x - 2 scrolls of teleportation
 y - a scroll of immolation {unknown}
Potions
 b - 2 potions of lignification
 f - a potion of magic
 g - a potion of resistance
 i - a potion of enlightenment {unknown}
 p - 2 potions of invisibility {unknown}
 u - 2 potions of curing {unknown}
 v - a potion of brilliance {unknown}
 z - 2 potions of haste {unknown}


   Skills:
 - Level 3.0 Fighting
 - Level 2.4 Dodging
 - Level 4.0 Stealth
 - Level 5.0 Unarmed Combat
 * Level 3.8 Spellcasting
 * Level 3.2 Summonings
 * Level 3.9 Air Magic
 + Level 4.3 Shapeshifting


You had 7 spell levels left.
You knew the following spells:

 Your Spells              Type           Power      Damage    Failure   Level
a - Shock                 Conj/Air       44%        1d5       6%          1
b - Static Discharge      Conj/Air       22%        3-4/arc   9%          2
c - Summon Lightning Spi  Summ/Air       18%        N/A       30%         4

Your spell library contained the following spells:

 Spells                   Type           Power      Damage    Failure   Level
 Swiftness                Air            19%        N/A       8%          3
 Airstrike                Air            9%         2d(2-18)  26%         4
 Iskenderun's Battlesphe  Conj           3%         2d6       98%         5
 Bombard                  Conj/Erth      1%         9d1       100%        6
 Spellforged Servitor     Conj/Summ      5%         N/A       100%        7


Dungeon Overview and Level Annotations

Branches:
Dungeon (6/15)             Temple (1/1) D:4

Altars:
Ashenzari
Dithmenos
Kikubaaqudgha
Nemelex Xobeh
Okawaru
Ru
Sif Muna
Uskayaw
Vehumet
Wu Jian
Xom
The Shining One


Innate Abilities, Weirdness & Mutations

You are a tree.
Your roots penetrate the ground, keeping you stationary.
You cannot be teleported.
You are immune to unholy pain and torment.
Your maximum health is greatly increased.
Your equipment is partially melded.
((Your serpentine skin is tough. (AC +2)))
You have supernaturally acute eyesight. (SInv)
((Armour fits poorly on your strangely shaped body.))
((Your system is resistant to poisons. (rPois)))
((You cover ground very slowly.))
You can spit poison.
((You have a snake-like lower body.))


Message History

The komodo dragon bites you!!
It was a potion of heal wounds.
You feel much better. The troll bites you but does no damage.
The troll claws you. The troll claws you but does no damage.
The gnoll sergeant hits you from afar with a +1 trident of protection.
The komodo dragon bites you!!
* * * LOW HITPOINT WARNING * * *
You feel much better. The troll bites you but does no damage.
The troll claws you but does no damage. The troll claws you.
The gnoll sergeant hits you but does no damage.
The komodo dragon bites you.
Okay, then.
Press: ? - help, v - describe, . - travel
Here: a komodo dragon (lightly wounded)
The floor.
Unknown command.
You hit the troll.
The troll is moderately wounded.
The troll bites you but does no damage.
The troll claws you but does no damage. x2
The gnoll sergeant hits you from afar with a +1 trident of protection!
* * * LOW HITPOINT WARNING * * *
The komodo dragon bites you.
* * * LOW HITPOINT WARNING * * *
You hit the troll.
The troll is moderately wounded.
The troll bites you but does no damage.
The troll claws you but does no damage. x2
The gnoll sergeant hits you but does no damage.
The komodo dragon bites you but does no damage.
You closely miss the troll.
The troll is moderately wounded.
The gnoll sergeant hits you from afar with a +1 trident of protection!
* * * LOW HITPOINT WARNING * * *
The troll barely misses you.
The troll claws you but does no damage. x2
You hit the troll but do no damage. Your punch misses the troll.
The troll is moderately wounded.
The komodo dragon bites you!
* * * LOW HITPOINT WARNING * * *
The troll bites you but does no damage. The troll claws you but does no damage.
The troll claws you.
You die...

...##.##..###.####..
#### #..............##..
.....#...........#..#...
#...#..#.#....###..##..
#......#.....#####.#...
#.....#.%#........#...
#.#....#.....<......
#...##.#............
###♣##.[...#........
....WkTl.###..##........
.###.###.g# ....##.....#
.. #... ..###...### #..
#......##.### ♣ #.
#.....#.. .. . #... ...
#.. ...


You could see a komodo dragon, a troll, a wyvern, a gnoll sergeant and a shadow
(invisible).

Vanquished Creatures
  An acid dragon (D:5)
  Menkaure (D:4)
  A black bear (D:5)
  Pargi (D:3)
  An ogre (D:4)
  2 phantoms
  A scorpion (D:6)
  A bombardier beetle (D:4)
  3 jellies
  6 hounds
  An orc priest (D:5)
  Ijyb (D:3)
  An iguana (D:5)
  An orc wizard (D:5)
  A gnoll (D:2)
  6 adders
  2 ufetubi (D:5)
  4 dart slugs
  A ribbon worm (D:3)
  5 orcs
  7 endoplasms
  2 giant cockroaches (D:1)
  6 goblins
  5 hobgoblins
  3 jackals (D:2)
  3 quokkas
  3 ball pythons
  3 bats
  5 frilled lizards
  9 kobolds
  4 rats
91 creatures vanquished.

Notes
Turn   | Place    | Note
-------+----------+-------------------------------------------
     0 | D:1      | inmateoo the Naga Shapeshifter began the quest for the Orb.
     0 | D:1      | Reached XP level 1. HP: 18/18 MP: 1/1
   316 | D:1      | Reached XP level 2. HP: 25/25 MP: 2/2
   544 | D:1      | Reached skill level 1 in Stealth
   757 | D:2      | Reached XP level 3. HP: 26/31 MP: 3/3
  1224 | D:2      | Reached XP level 4. HP: 33/38 MP: 4/4
  1267 | D:2      | Learned a level 1 spell: Shock
  1270 | D:2      | Learned a level 2 spell: Static Discharge
  1643 | D:3      | Found a glowing golden altar of the Shining One.
  1670 | D:3      | Noticed Ijyb
  1679 | D:3      | Killed Ijyb
  1784 | D:3      | Found a hide-covered altar of Uskayaw.
  1903 | D:3      | Reached skill level 1 in Spellcasting
  2047 | D:3      | Reached XP level 5. HP: 45/45 MP: 6/6
  2284 | D:4      | Noticed a phantom
  2292 | D:4      | Found a staircase to the Ecumenical Temple.
  2307 | D:4      | Killed a phantom
  2308 | D:4      | Reached skill level 4 in Unarmed Combat
  2430 | Temple   | Entered the Ecumenical Temple
  2483 | D:4      | Reached skill level 1 in Air Magic
  2496 | D:4      | Noticed Menkaure
  2516 | D:4      | Killed Menkaure
  2517 | D:4      | Reached XP level 6. HP: 49/52 MP: 9/9
  2793 | D:4      | Learned a level 4 spell: Summon Lightning Spire
  2885 | D:4      | Noticed Pargi
  3048 | D:3      | Killed Pargi
  3049 | D:3      | Reached skill level 1 in Summonings
  3049 | D:3      | Reached XP level 7. HP: 61/61 MP: 10/10
  3149 | D:4      | Identified the +1 leather armour "Ganacha" {^Drain +Inv
                  | Dex+4}
  3595 | D:5      | Entered Level 5 of the Dungeon
  3967 | D:5      | Reached skill level 5 in Unarmed Combat
  3967 | D:5      | Reached XP level 8. HP: 18/68 MP: 1/12
  4253 | D:5      | Found an iron altar of Okawaru.
  4935 | D:6      | Noticed a wyvern
  4935 | D:6      | Noticed a shadow
  4936 | D:6      | Noticed a troll
  4943 | D:6      | Noticed a komodo dragon
  4955 | D:6      | HP: 1/103 [komodo dragon (11)]
  4955 | D:6      | Slain by a troll

Illustrated notes

Levels and vault maps discovered:
D:1:      erik_arrival_blinker_ship, layout_rooms
D:2:      minmay_razor_zed, layout_basic
D:3:      layout_rooms, tso_oasis_becter, eat_drink_and_be_merry_uskayaw,
          serial_glass, glass_columns_a, glass_columns_b,
          nicolae_twisty_statue_hallways, uniq_ijyb
D:4:      layout_rooms, minmay_temple_entry_slanted, serial_corexii_hall,
          corexii_hall_statues_s, chequers_hall_statues_corner_a,
          minmay_misc_feat_doors, uniq_pargi, uniq_menkaure
D:5:      layout_rooms, nicolae_overflow_hidden_temple,
          nicolae_overflow_crystal_walls, st_stairs_9, mrwooster_statue_mirror,
          grunt_decor_mini_mirrors
D:6:      layout_cave_pools, kennysheep_ying_yang, marbit_many_paths,
          fedhas_altar_4, cheibrodos_sewer_entry_bend, minivault_14,
          small_statue_intersection, minmay_misc_feat_columns,
          minmay_manual_mail
Temple:   hellmonk_temple_rainy

Skill      XL: |  1  2  3  4  5  6  7  8 |
---------------+-------------------------+-----
Stealth        | 1 2 3 4 |  4.0
Dodging        | 2 |  2.4
Spellcasting   | 1 2 3 |  3.8
Fighting       | 2 3 |  3.0
Unarmed Combat | 4 5 |  5.0
Air Magic      | 1 3 |  3.9
Summonings     | 1 2 3 |  3.2
Shapeshifting  | 4 |  4.3

Action                     |  1- 3 |  4- 6 |  7- 9 || total
---------------------------+-------+-------+-------++-------
  Melee: Unarmed           |    74 |    92 |    47 ||   213
         Punch             |       |     2 |       ||     2
   Cast: Shock             |       |    28 |    43 ||    71
         Static Discharge  |       |     5 |    23 ||    28
Ability: Spit Poison       |    16 |    13 |     7 ||    36
  Evoke: Wand              |       |     5 |     2 ||     7
    Use: Scroll            |       |     9 |     2 ||    11
         Potion            |       |     1 |     5 ||     6
   Stab: Sleeping          |     1 |     1 |       ||     2
 Armour: Animal skin       |    41 |    11 |       ||    52
         Robe              |       |    27 |    53 ||    80
         Skin              |       |    42 |    86 ||   128
  Dodge: Dodged            |    34 |    43 |    17 ||    94
   Form: Beast             |     1 |       |       ||     1
                           |       |       |     1 ||     1
